 Dungeon Sprint DCSS version 0.26-a0-667-g92642533e4 (webtiles) character file.

Game seed: 8484632407213971976

479366 Conn the Archmage (level 19, 64/111 HPs)
             Began as an Octopode Hedge Wizard on Oct 17, 2020.
             Was the Champion of Sif Muna.
             Escaped with the Orb!
             The game lasted 02:17:36 (5056 turns).

Conn the Archmage (Octopode Hedge Wizard)           Turns: 5056, Time: 02:17:37

Health: 64/111     AC:  5    Str: 25    XL:     19   Next: 71%
Magic:  13/59      EV: 15    Int: 26    God:    Sif Muna [******]
Gold:   0          SH: 39    Dex: 15    Spells: 1/72 levels left

rFire    + + +     SeeInvis .   T - staff of fire
rCold    + . .     Faith    .   I - +18 shield of the Gong {rElec rN+ MR+ EV-5}
rNeg     + + +     Spirit   .   x - +0 hat
rPois    +         Reflect  +   v - amulet of Haant {Reflect rElec Str+4 SH+5}
rElec    +         Harm     .   M - ring "Hefel" {MR+ MP+9 Dex+4 Stlth+}
rCorr    +         Rampage  .   m - ring "Doerred" {rC+ rN+ Str+4}
MR       ++++.     Rnd*Rage +   A - ring "Waniy" {rPois rF- MR+ Int+4} Stlth ++++......NoTele +
                                N - ring "Rampanun" {rCorr Str+5 Slay+2}
HPRegen  0.28/turn              L - ring "Mivofits" {rF+ rC+ rN+ MP-9}
MPRegen  0.36/turn              D - ring of fire
                                E - ring of Roadaopa {rF++ rN+ AC+4}
                                P - ring of magical power

@: studying 2 skills
A: almost no armour, stealthy swim, amphibious, 8 rings, constrict 8, camouflage
1, berserk 1, gelatinous body 1
0: Orb of Zot
a: Channel Magic, Forget Spell, Divine Exegesis, Renounce Religion


You escaped.
You worshipped Sif Muna.
Sif Muna was exalted by your worship.
You visited 1 branch

Inventory:

Hand Weapons
 a - the +8 lance "Wyrmbane" {slay drac, rPois rF+ rC+ AC+3}
   (You found it in the Dungeon)

   It affects your AC (+3).
   It protects you from fire.
   It protects you from cold.
   It protects you from poison.
 j - the +5 scythe "Finisher" {speed, eviscerate}
   (You found it in the Dungeon)

   Attacks with this weapon are significantly faster.
 y - the +7 hand axe "Cudaxkul" {elec, +Blink rPois MR+++ Str-3}
   (You found it in the Dungeon)

   Occasionally, upon striking a foe, it will discharge some electrical energy
   and cause terrible harm.
   It affects your strength (-3).
   It protects you from poison.
   It affects your resistance to hostile enchantments.
   It lets you blink.
 F - the +7 great mace "Firestarter" {inner flame, rF++}
   (You found it in the Dungeon)

   It has been specially enchanted to burn those struck by it, causing extra
   injury to most foes and up to half again as much damage against particularly
   susceptible opponents.
   It greatly protects you from fire.
 G - the +5 rapier of Dithmenos's Delight {vorpal, Int+6}
   (You found it in the Dungeon)

   It inflicts extra damage upon your enemies.
   It affects your intelligence (+6).
 H - the +9 heavy crossbow "Sniper" {vorpal, Acc+∞ SInv}
   (You found it in the Dungeon)

   Any bolt fired from it inflicts extra damage.
   It lets you see invisible.
Armour
 x - a +0 hat (worn)
 I - the +18 shield of the Gong (worn) {rElec rN+ MR+ EV-5}
   (You found it in the Dungeon)

   It affects your evasion (-5).
   It insulates you from electricity.
   It protects you from negative energy.
   It affects your resistance to hostile enchantments.
 W - the +2 shield of Resistance {rF++ rC++ MR++}
   (You found it in the Dungeon)

   It greatly protects you from fire.
   It greatly protects you from cold.
   It affects your resistance to hostile enchantments.
 X - a +1 buckler of protection
Magical Staves
 b - an uncursed staff of conjuration
 T - an uncursed staff of fire (weapon)
Jewellery
 l - the amulet "Dischiq" {Spirit rN+ Int+4 Dex+6}
   (You found it in the Dungeon)

   [amulet of guardian spirit]

   It causes incoming damage to be split between your health and magic.
   It affects your intelligence (+4).
   It affects your dexterity (+6).
   It protects you from negative energy.
 m - the ring "Doerred" (right tentacle) {rC+ rN+ Str+4}
   (You found it in the Dungeon)

   [ring of positive energy]

   It affects your strength (+4).
   It protects you from cold.
   It protects you from negative energy.
 o - the ring "Saffuticez" {MR+ Dex+4}
   (You found it in the Dungeon)

   [ring of protection from magic]

   It affects your dexterity (+4).
   It affects your resistance to hostile enchantments.
 u - a +4 ring of protection
 v - the amulet of Haant (around mantle) {Reflect rElec Str+4 SH+5}
   (You found it in the Dungeon)

   [amulet of reflection]

   It shields you and reflects attacks.
   It affects your strength (+4).
   It insulates you from electricity.
   It affects your SH (+5).
 z - an uncursed ring of ice
 A - the ring "Waniy" (on tentacle) {rPois rF- MR+ Int+4}
   (You found it in the Dungeon)

   [ring of protection from magic]

   It affects your intelligence (+4).
   It makes you vulnerable to fire.
   It protects you from poison.
   It affects your resistance to hostile enchantments.
 B - a +6 ring of intelligence
 C - a +6 ring of intelligence
 D - a ring of fire (on tentacle)
 E - the ring of Roadaopa (on tentacle) {rF++ rN+ AC+4}
   (You found it in the Dungeon)

   [ring of protection]

   It affects your AC (+4).
   It greatly protects you from fire.
   It protects you from negative energy.
 J - the amulet of the Air {Inacc +Fly rElec EV+5 RMsl}
   (You found it in the Dungeon)

   [amulet of inaccuracy]

   It reduces the accuracy of all your attacks.
   It affects your evasion (+5).
   It insulates you from electricity.
   It lets you fly.
   It protects you from missiles.
 K - an uncursed ring of positive energy
 L - the ring "Mivofits" (on tentacle) {rF+ rC+ rN+ MP-9}
   (You found it in the Dungeon)

   [ring of protection from fire]

   It protects you from fire.
   It protects you from cold.
   It protects you from negative energy.
   It affects your magic capacity (-9).
 M - the ring "Hefel" (left tentacle) {MR+ MP+9 Dex+4 Stlth+}
   (You found it in the Dungeon)

   [ring of stealth]

   It affects your dexterity (+4).
   It affects your resistance to hostile enchantments.
   It affects your magic capacity (+9).
   It makes you more stealthy.
 N - the ring "Rampanun" (on tentacle) {rCorr Str+5 Slay+2}
   (You acquired it in the Dungeon)

   [ring of resist corrosion]

   It affects your strength (+5).
   It affects your accuracy and damage with ranged weapons and melee attacks
   (+2).
   It provides partial protection from all sources of acid and corrosion.
 O - the ring of Doubts {rElec MR- Str+7 SInv Stlth-}
   (You found it in the Dungeon)

   [ring of attention]

   It affects your strength (+7).
   It insulates you from electricity.
   It affects your resistance to hostile enchantments.
   It lets you see invisible.
   It makes you less stealthy.
 P - a ring of magical power (on tentacle)
 V - an uncursed ring of wizardry
 Y - an uncursed ring of protection from magic
 Z - the ring "Zedwiod" {Str+6 SInv}
   (You found it in the Dungeon)

   [ring of see invisible]

   It affects your strength (+6).
   It lets you see invisible.
Wands
 w - a wand of acid (5)
 U - a wand of paralysis (7)
Scrolls
 i - a scroll of blinking
 p - 7 scrolls of fog
 q - a scroll of holy word
 r - 5 scrolls of identify
 s - 5 scrolls of remove curse
 t - 2 scrolls of fear
Potions
 c - 2 potions of brilliance
 d - 11 potions of curing
 e - 13 potions of heal wounds
 f - 12 potions of haste
 g - 3 potions of magic
 h - 2 potions of berserk rage
 k - a potion of resistance
 n - 7 potions of might
Books
 Q - a manual of Dodging
 R - a manual of Staves
Miscellaneous
 S - a phantom mirror


   Skills:
 + Level 4.4 Fighting
 + Level 4.4 Maces & Flails
 + Level 9.5 Polearms
 + Level 10.6 Dodging
 * Level 21.2 Stealth
 * Level 19.4 Shields
 O Level 27 Spellcasting
 O Level 27 Conjurations
 + Level 11.3 Summonings
 + Level 15.2 Translocations
 + Level 26.8 Fire Magic
 * Level 20.3 Ice Magic
   Level 4.6 Air Magic
   Level 5.6 Poison Magic
 + Level 14.7 Invocations
 - Level 5.4 Evocations


You had one spell level left.
You knew the following spells:

 Your Spells              Type           Power        Failure   Level
a - Magic Dart            Conj           ####         0%          1
b - Blink                 Tloc           N/A          0%          2
c - Iskenderun's Mystic   Conj/Tloc      #######.     0%          4
d - Iskenderun's Battles  Conj           ########     0%          5
e - Spellforged Servitor  Conj/Summ      #######...   1%          7
f - Fire Storm            Conj/Fire      #########.   1%          9
g - Fireball              Conj/Fire      #########.   0%          5
h - Dispersal             Tloc           #######...   1%          6
i - Hailstorm             Conj/Ice       ########     0%          4
j - Ozocubu's Armour      Ice            #######.     0%          3
k - Ignition              Fire           #########.   1%          8
l - Pain                  Necr           ####         1%          1
m - Orb of Destruction    Conj           ########..   0%          7
n - Absolute Zero         Ice            #######...   21%         9

Your spell library contained the following spells:

 Spells                   Type           Power        Failure   Level
 Apportation              Tloc           ######       0%          1
 Foxfire                  Conj/Fire      ####         0%          1
 Freeze                   Ice            ####         0%          1
 Shock                    Conj/Air       ####         0%          1
 Summon Small Mammal      Summ           ####         0%          1
 Animate Skeleton         Necr           #####.       1%          1
 Beastly Appendage        Tmut           #####.       1%          1
 Corona                   Hex            #####..      1%          1
 Sandblast                Erth           #####.       1%          1
 Sting                    Tmut/Pois      ####         1%          1
 Call Imp                 Summ           #######.     0%          2
 Searing Ray              Conj           ######       0%          2
 Conjure Flame            Conj/Fire      ########     0%          3
 Dazzling Flash           Conj/Hex       ######       0%          3
 Frozen Ramparts          Ice            ######       0%          3
 Gell's Gravitas          Tloc           #######...   0%          3
 Inner Flame              Hex/Fire       ########     0%          3
 Lesser Beckoning         Tloc           #######...   0%          3
 Mephitic Cloud           Conj/Pois/Air  #######.     0%          3
 Static Discharge         Conj/Air       #######.     0%          3
 Stone Arrow              Conj/Erth      ######       0%          3
 Teleport Other           Tloc           #######.     0%          3
 Passage of Golubria      Tloc           N/A          0%          4
 Sticky Flame             Conj/Fire      ########     0%          4
 Summon Ice Beast         Ice/Summ       #######.     0%          4
 Bolt of Magma            Conj/Fire/Erth ########..   0%          5
 Starburst                Conj/Fire      #########.   0%          6
 Corpse Rot               Necr/Air       N/A          1%          2
 Ensorcelled Hibernation  Hex/Ice        ######       1%          2
 Passwall                 Tmut/Erth      #####...     1%          2
 Poisonous Vapours        Pois/Air       ######       1%          2
 Slow                     Hex            #####...     1%          2
 Sublimation of Blood     Necr           #####.....   1%          2
 Swiftness                Air            ######..     1%          2
 Wereblood                Tmut           #####...     1%          2
 Call Canine Familiar     Summ           #######.     1%          3
 Ignite Poison            Fire/Tmut/Pois ########     1%          3
 Portal Projectile        Hex/Tloc       ######       1%          3
 Spider Form              Tmut/Pois      #####.....   1%          3
 Summon Guardian Golem    Hex/Summ       ######..     1%          3
 Airstrike                Air            ######....   1%          4
 Fulminant Prism          Conj/Hex       #######...   1%          4
 Ice Form                 Ice/Tmut       ######..     1%          4
 Olgreb's Toxic Radiance  Pois           ######..     1%          4
 Summon Lightning Spire   Summ/Air       ######..     1%          4
 Irradiate                Conj/Tmut      #######...   1%          5
 Lightning Bolt           Conj/Air       #######...   1%          5
 Metabolic Englaciation   Hex/Ice        ######....   1%          5
 Summon Demon             Summ           #######...   1%          5
 Summon Forest            Summ/Tloc      #######...   1%          5
 Conjure Ball Lightning   Conj/Air       #######...   1%          6
 Freezing Cloud           Conj/Ice/Air   #######...   1%          6
 Iron Shot                Conj/Erth      #######...   1%          6
 Ozocubu's Refrigeration  Ice            #######...   1%          6
 Shadow Creatures         Summ           N/A          1%          6
 Simulacrum               Ice/Necr       ######....   1%          6
 Confusing Touch          Hex            #####...     2%          3
 Tukima's Dance           Hex            #####...     2%          3
 Vampiric Draining        Necr           #####.....   2%          3
 Summon Mana Viper        Hex/Summ       ######..     2%          5
 Malign Gateway           Summ/Tloc      #######...   3%          7
 Monstrous Menagerie      Summ           #######...   6%          7
 Summon Greater Demon     Summ           #######...   6%          7
 Summon Hydra             Summ           #######...   6%          7
 Alistair's Intoxication  Tmut/Pois      #####....    7%          5
 Animate Dead             Necr           #####.....   8%          4
 Cause Fear               Hex            #####.....   8%          4
 Dispel Undead            Necr           #####...     8%          4
 Leda's Liquefaction      Hex/Erth       #####.....   8%          4
 Petrify                  Tmut/Erth      #####...     8%          4
 Chain Lightning          Conj/Air       #######...   8%          8
 Silence                  Hex/Air        #####.....   9%          5
 Disjunction              Tloc           #######...   10%         8
 Lehudib's Crystal Spear  Conj/Erth      #######...   21%         8
 Agony                    Necr           #####...     22%         5
 Blade Hands              Tmut           #####.....   22%         5
 Borgnjor's Vile Clutch   Necr/Erth      #####.....   22%         5
 Excruciating Wounds      Necr           #####.....   22%         5
 Lee's Rapid Deconstruct  Erth           #####.....   22%         5
 Yara's Violent Unravell  Hex/Tmut       #####.....   22%         5
 Eringya's Noxious Bog    Tmut/Pois      #####.....   36%         6
 Summon Horrible Things   Summ           #######...   45%         8
 Haunt                    Necr/Summ      ######....   54%         7
 Death Channel            Necr           #####.....   77%         6
 Hydra Form               Tmut           #####.....   77%         6
 Invisibility             Hex            #####...     77%         6
 Statue Form              Tmut/Erth      #####....    77%         6
 Dragon Form              Tmut           #####.....   100%        7
 Borgnjor's Revivificati  Necr           #####.....   100%        8
 Discord                  Hex            #####.....   100%        8
 Infestation              Necr           #####.....   100%        8
 Necromutation            Tmut/Necr      #####.....   100%        8
 Death's Door             Necr           #####.....   100%        9
 Dragon's Call            Summ           #######...   100%        9
 Shatter                  Erth           #####.....   100%        9
 Tornado                  Air            ######....   100%        9


Dungeon Overview and Level Annotations

Branches:
Dungeon (1/1)

Altars:
Ashenzari
Cheibriados
Dithmenos
Elyvilon
Fedhas
Gozag
Hepliaklqana
Kikubaaqudgha
Makhleb
Nemelex Xobeh
Okawaru
Qazlal
Ru
Sif Muna
Trog
Uskayaw
Vehumet
Wu Jian
Xom
Yredelemnul
Zin
The Shining One
Beogh
Jiyva
Lugonu


Innate Abilities, Weirdness & Mutations

You cannot wear most types of armour.
You are very stealthy in the water. (Stealth+)
You are amphibious.
You can wear up to eight rings at the same time.
You can use your tentacles to constrict eight enemies at once.
Your skin changes colour to match your surroundings (Stealth+).
Your rubbery body absorbs attacks. (AC +1, EV +1)
You tend to lose your temper in combat.


Message History

The Hell Sentinel is almost dead.
Unknown command.
Casting: Fire Storm (dangerous; 1% risk of failure)
Confirm with . or Enter, or press ? or * to list all spells.
Aiming: Fire Storm (dangerous; 1% risk of failure)
Press: ? - help, Dir - move target cursor You feel a strong surge of power!
A raging storm of fire appears!
The great blast of fire engulfs the Hell Sentinel!!!
The Hell Sentinel partially resists.
You kill the Hell Sentinel!
Sif Muna accepts your kill.
Things that are here:
a +4 eudemon blade of holy wrath; a +0 tower shield
There is a transporter landing site here.
Items here: ( )) [.
Okay, then.
Items here: )) [[.
Okay, then.
There is a staircase leading out of the dungeon here.
You have escaped!

.....|......▓......:......▓...8©8
............▓..▓.......▓..▓...["[
............▓.............▓..[[=?
............▓.............▓......
............▓......©......▓....†.
............▓▓▓▓▓▓▓▓▓▓▓▓▓▓▓......
▓.......▓...▓8888888888888▓......
▓▓.....▓▓▓..▓8.........).8▓..▓..†
▓.......▓...▓8..@.....©..8▓.▓....
............▓8.........).8▓....©.
....©.......▓8888888888888▓▓▓▓▓▓▓
▓▓▓▓▓▓▓▓▓▓▓▓▓▓▓▓▓▓▓▓▓▓▓▓▓▓▓▓▓▓▓▓▓
.....8©8........▓........8©8.....
)[}:)|)=}?":}|[.▓.|[:|:)}=[))})[[
.|.[=::}}).[:::.▓.[=[)}}|):|:):})
.):}[)=[[[).|"".▓.|:[[..[)=)))=?[
.....÷.).).÷)...▓.......[[:[)....


There were no monsters in sight!

Vanquished Creatures
  A seraph (D)
  2 juggernauts (shapeshifter) (D)
  4 shard shrikes (shapeshifter) (D)
  A pandemonium lord (D)
  A caustic shrike (shapeshifter) (D)
  3 golden dragons (D)
  A Tzitzimitl (D)
  A Hell Sentinel (D)
  An Orb Guardian (D)
  2 titans (shapeshifter) (D)
  A quicksilver dragon (D)
  5 acid blobs (D)
  7 deep elf blademasters (D)
  4 deep elf master archers (D)
  A tentacled starspawn (D)
  An acid blob (shapeshifter) (D)
  2 daevas (D)
  11 shadow dragons (D)
  4 nagarajas (D)
  3 azure jellies (D)
  10 deep elf sorcerers (D)
  2 balrugs (D)
  2 ghouls (D)
  8 reapers (D)
  8 deep elf annihilators (D)
  2 vampire knights (D)
  A deep elf death mage (D)
  6 death oozes (D)
  A merfolk javelineer (D)
  3 fire dragons (D)
  6 merfolk impalers (D)
  8 deep elf high priests (D)
  Erolcha (D)
  An ice dragon (D)
  A naga warrior (D)
  A hydra (shapeshifter) (D)
  5 hydras (D)
  An anaconda (D)
  Erica (D)
  A satyr (shapeshifter) (D)
  An alligator snapping turtle (D)
  2 merfolk aquamancers (D)
  2 vampire magi (D)
  3 dancing weapons (D)
  A hell hog (D)
  A shock serpent (shapeshifter) (D)
  A thrashing horror (D)
  A hell knight (D)
  2 deep elf knights (D)
  4 soul eaters (D)
  2 wretched stars (D)
  2 sixfirhies (D)
  A glowing orange brain (shapeshifter) (D)
  3 flayed ghosts (D)
  2 unseen horrors (shapeshifter) (D)
  2 swamp dragons (shapeshifter) (D)
  3 sea snakes (D)
  A glowing orange brain (D)
  A cherub (D)
  2 starcursed masses (D)
  4 death drakes (D)
  3 large abominations (D)
  9 deep elf magi (D)
  4 deep elf archers (D)
  2 phantasmal warriors (D)
  A mana viper (shapeshifter) (D)
  A cyclops (shapeshifter) (D)
  A shining eye (D)
  2 manticores (shapeshifter) (D)
  A worldbinder (D)
  A shining eye (shapeshifter) (D)
  2 manticores (D)
  An ugly thing (D)
  A guardian serpent (shapeshifter) (D)
  2 elephants (D)
  A smoke demon (D)
  A rust devil (D)
  A water nymph (shapeshifter) (D)
  3 guardian serpents (D)
  3 eyes of devastation (D)
  5 black mambas (D)
  2 eyes of devastation (shapeshifter) (D)
  5 naga magi (D)
  A black mamba (shapeshifter) (D)
  4 cane toads (D)
  4 hellions (D)
  A torpor snail (D)
  2 rime drakes (D)
  4 freezing wraiths (D)
  2 komodo dragons (D)
  2 tormentors (D)
  A yaktaur (shapeshifter) (D)
  An ice devil (D)
  4 red devils (D)
  2 merfolk (D)
  2 ancient zymes (D)
  A merfolk (shapeshifter) (D)
  2 polar bears (D)
  A polar bear (shapeshifter) (D)
  A raiju (D)
  5 wind drakes (D)
  2 blink frogs (D)
  A blink frog (shapeshifter) (D)
  A hornet (D)
  A raiju (shapeshifter) (D)
  3 dream sheep (shapeshifter) (D)
  13 slime creatures (D)
  5 flying skulls (D)
  A spriggan (shapeshifter) (D)
  An air elemental (D)
  A redback (shapeshifter) (D)
  3 shadows (D)
  5 wyverns (D)
  A water elemental (D)
  2 ynoxinuls (D)
  Sigmund (D)
  A vampire (D)
  3 wraiths (D)
  A fire bat (shapeshifter) (D)
  3 golden eyes (D)
  A steam dragon (D)
  2 neqoxecs (D)
  A fire elemental (D)
  Edmund (D)
  2 insubstantial wisps (D)
  2 swamp worms (shapeshifter) (D)
  4 nagas (D)
  2 acid dragons (D)
  5 hell hounds (D)
  A floating eye (shapeshifter) (D)
  Duvessa (D)
  13 water moccasins (D)
  2 ice beasts (D)
  A sky beast (shapeshifter) (D)
  5 swamp drakes (D)
  A sky beast (D)
  5 eyes of draining (D)
  3 phantoms (D)
  5 necrophages (D)
  Blork the orc (D)
  A bullfrog (D)
  4 small abominations (D)
  Dowan (D)
  6 wights (D)
  An electric eel (shapeshifter) (D)
  11 jellies (D)
  Crazy Yiuf (D)
  An iron imp (D)
  Jessica (D)
  4 adders (D)
  2 white imps (D)
  An ufetubus (D)
  3 oozes (D)
  11 adder skeletons (D)
  11 adder zombies (D)
  7 ball pythons (D)
  14 bat skeletons (D)
  19 bat zombies (D)
  A hobgoblin (shapeshifter) (D)
  A ball python skeleton (D)
  2 ball python zombies (D)
  8 giant cockroach zombies (D)
  2 jackal skeletons (D)
  5 jackal zombies (D)
  4 leopard gecko skeletons (D)
  7 leopard gecko zombies (D)
  2 quokka skeletons (D)
  6 quokka zombies (D)
  A crawling corpse (D)
  5 fire vortices (D)
  A starspawn tentacle (D)
509 creatures vanquished.

Vanquished Creatures (collateral kills)
  A deep elf blademaster (D)
  An acid blob (shapeshifter) (D)
  A sphinx (shapeshifter) (D)
  An azure jelly (D)
  A shadow dragon (D)
  A ghoul (D)
  A reaper (D)
  An ice dragon (D)
  A hydra (D)
  A naga warrior (D)
  A dancing weapon (D)
  A soul eater (D)
  An iron golem (D)
  A black mamba (shapeshifter) (D)
  A rust devil (D)
  A tormentor (D)
  A snapping turtle (D)
  A water elemental (D)
  A yak (D)
  A wight (D)
  A crimson imp (D)
  A quasit (D)
  An iron imp (D)
  2 adder skeletons (D)
  An adder zombie (D)
  2 bat zombies (D)
  A jackal zombie (D)
  A leopard gecko skeleton (D)
  A crawling corpse (D)
  4 fire vortices (D)
35 creatures vanquished.

Vanquished Creatures (others)
  A deep elf blademaster (D)
  86 fire vortices (D)
  3 starspawn tentacles (D)
90 creatures vanquished.

Grand Total: 634 creatures vanquished

Notes
Turn   | Place    | Note
-------+----------+-------------------------------------------
     0 | D        | Conn the Octopode Hedge Wizard began the quest for the Orb.
     0 | D        | Reached XP level 1. HP: 11/11 MP: 4/4
     0 | D        | Found a shimmering blue altar of Sif Muna.
     0 | D        | Found a sacrificial altar of Ru.
     0 | D        | Found a bloodstained altar of Trog.
     0 | D        | Found a stormy altar of Qazlal.
     0 | D        | Found an iron altar of Okawaru.
     0 | D        | Found a sparkling altar of Nemelex Xobeh.
     0 | D        | Found a blossoming altar of Fedhas.
     1 | D        | Found the +6 Majin-Bo {vamp, MP+6 Int+6}
     1 | D        | Found the +9 heavy crossbow "Sniper" {vorpal, Acc+∞ SInv}
     1 | D        | Found the +10 dark maul {vorpal}
     1 | D        | Found the +15 Maxwell's patent armour {-Cast -Tele rElec
                  | MR+ rCorr}
     1 | D        | Found the +18 shield of the Gong {rElec rN+ MR+ EV-5}
     1 | D        | Found the cursed +14 obsidian axe {vorpal, +Fly SInv
                  | *Curse}
     1 | D        | Found the +7 great mace "Firestarter" {inner flame, rF++}
     1 | D        | Found the +6 shillelagh "Devastator" {shatter}
     1 | D        | Found the +11 plutonium sword {*Contam Stlth-}
     1 | D        | Found the +8 lance "Wyrmbane" {slay drac, rPois rF+ rC+
                  | AC+3}
     1 | D        | Found the +9 sword of Zonguldrok {reap}
     1 | D        | Found the cursed +13 scythe of Curses {drain, *Curse}
     1 | D        | Found the +0 sword of Power
     1 | D        | Found the +7 mace of Variability {chain chaos}
     1 | D        | Found the +7 Singing Sword {vorpal, sonic wave}
     1 | D        | Found the +8 storm bow {elec, penet}
     2 | D        | Found a transporter.
     2 | D        | Found an ancient bone altar of Kikubaaqudgha.
     2 | D        | Found a viscous altar of Jiyva.
     2 | D        | Found a corrupted altar of Lugonu.
     2 | D        | Found a hazy altar of Hepliaklqana.
     2 | D        | Found a burning altar of Makhleb.
     2 | D        | Found an opulent altar of Gozag.
    12 | D        | Became a worshipper of Sif Muna the Loreminder
    57 | D        | Entered arena 2.
    57 | D        | Noticed a jelly
    57 | D        | Found a transporter.
    60 | D        | Killed a jelly
    60 | D        | Reached skill level 5 in Spellcasting
    60 | D        | Reached XP level 2. HP: 17/17 MP: 4/8
    60 | D        | Reached XP level 3. HP: 21/21 MP: 5/10
    73 | D        | Learned a level 2 spell: Blink
    76 | D        | Learned a level 2 spell: Call Imp
    80 | D        | Learned a level 3 spell: Conjure Flame
    84 | D        | Learned a level 3 spell: Mephitic Cloud
    86 | D        | Entered arena 3.
    86 | D        | Noticed a sky beast
    86 | D        | Noticed a cyan ugly thing
    86 | D        | Noticed a boggart
    86 | D        | Found a transporter.
    89 | D        | a boggart changed into a worm
    93 | D        | Noticed a fire bat
    93 | D        | a worm changed into a fire bat
    95 | D        | Killed a fire bat
    95 | D        | Reached * piety under Sif Muna
    95 | D        | Reached XP level 4. HP: 27/27 MP: 1/14
    95 | D        | Reached XP level 5. HP: 31/31 MP: 1/15
    97 | D        | Killed a cyan ugly thing
    97 | D        | Reached skill level 10 in Spellcasting
    97 | D        | Reached skill level 1 in Evocations
    97 | D        | Reached XP level 6. HP: 36/36 MP: 1/19
    97 | D        | Reached XP level 7. HP: 41/41 MP: 1/21
   104 | D        | Reached skill level 5 in Conjurations
   104 | D        | Reached skill level 5 in Poison Magic
   227 | D        | Entered arena 4.
   227 | D        | Noticed a naga
   227 | D        | Found a transporter.
   236 | D        | Reached ** piety under Sif Muna
   236 | D        | Reached skill level 1 in Invocations
   240 | D        | Killed a naga
   240 | D        | Reached skill level 1 in Polearms
   254 | D        | Got the ring "Hefel" {MR+ MP+9 Dex+4 Stlth+}
   393 | D        | Entered arena 5.
   393 | D        | Noticed a golden eye
   393 | D        | Noticed a slime creature
   393 | D        | Found a transporter.
   394 | D        | Found the +4 moon troll leather armour {Spirit, Regen++
                  | MP+5}
   394 | D        | Found the +5 scythe "Finisher" {speed, eviscerate}
   400 | D        | Killed a golden eye
   400 | D        | Reached *** piety under Sif Muna
   400 | D        | Reached XP level 8. HP: 36/47 MP: 23/23
   404 | D        | Killed a slime creature
   423 | D        | Entered arena 6.
   423 | D        | Found a transporter.
   425 | D        | Reached **** piety under Sif Muna
   612 | D        | Entered arena 7.
   612 | D        | Noticed a wind drake
   612 | D        | Noticed an air elemental
   612 | D        | Noticed a wind drake
   612 | D        | Noticed a wind drake
   614 | D        | Found a transporter.
   616 | D        | Killed an air elemental
   616 | D        | Reached ***** piety under Sif Muna
   616 | D        | Identified Sif Muna's Almanac of Orientation and
                  | Bewitchment (Sif Muna gifted it to you in the Dungeon)
   616 | D        | Received a gift from Sif Muna
   616 | D        | Reached skill level 1 in Fighting
   616 | D        | Reached skill level 1 in Maces & Flails
   616 | D        | Reached skill level 1 in Shields
   617 | D        | Killed a wind drake
   617 | D        | Reached skill level 5 in Dodging
   617 | D        | Reached skill level 5 in Stealth
   617 | D        | Reached XP level 9. HP: 53/53 MP: 25/25
   619 | D        | Killed a wind drake
   620 | D        | Killed a wind drake
   620 | D        | Reached skill level 5 in Invocations
   630 | D        | Learned a level 5 spell: Summon Forest
   635 | D        | Got the amulet of Haant {Reflect rElec Str+4 SH+5}
   642 | D        | Got the ring of Doubts {rElec MR- Str+7 SInv Stlth-}
   842 | D        | Entered arena 8.
   844 | D        | Found a transporter.
   852 | D        | Identified Keamul's Reference Book on the Mutagenic
                  | Arsonist (Sif Muna gifted it to you in the Dungeon)
   852 | D        | Received a gift from Sif Muna
   873 | D        | Got Lom Lobon's Compendium of Dislocation
   884 | D        | Learned a level 5 spell: Fireball
   891 | D        | Learned a level 6 spell: Dispersal
   896 | D        | Learned a level 4 spell: Hailstorm
   901 | D        | Entered arena 9.
   910 | D        | Found a transporter.
   913 | D        | Received a gift from Sif Muna
   913 | D        | Reached skill level 5 in Fire Magic
   982 | D        | Learned a level 3 spell: Ozocubu's Armour
   982 | D        | Entered arena 10.
   982 | D        | Noticed a sixfirhy
   982 | D        | Noticed a tentacled starspawn
   982 | D        | Noticed a worldbinder
   982 | D        | Noticed a large abomination
   983 | D        | Noticed a troll
   983 | D        | Found a transporter.
   987 | D        | Noticed a troll
   988 | D        | Killed a worldbinder
   989 | D        | Killed a sixfirhy
   989 | D        | Reached skill level 5 in Polearms
   989 | D        | Reached skill level 5 in Shields
   989 | D        | Reached XP level 10. HP: 18/60 MP: 19/27
   991 | D        | Killed a tentacled starspawn
   995 | D        | Killed a large abomination
  1003 | D        | Identified Iwusueg's Handbook of Arcane Weapons (Sif Muna
                  | gifted it to you in the Dungeon)
  1003 | D        | Received a gift from Sif Muna
  1201 | D        | Entered arena 11.
  1201 | D        | Noticed Sigmund
  1201 | D        | Noticed Jessica
  1201 | D        | Noticed Blork the orc
  1201 | D        | Noticed Crazy Yiuf
  1201 | D        | Noticed Dowan
  1201 | D        | Noticed Duvessa
  1201 | D        | Noticed Edmund
  1201 | D        | Noticed Erica
  1201 | D        | Noticed Erolcha
  1204 | D        | Killed Jessica
  1205 | D        | Killed Blork the orc
  1205 | D        | Killed Dowan
  1206 | D        | Killed Duvessa
  1207 | D        | Killed Edmund
  1207 | D        | Killed Sigmund
  1207 | D        | Killed Erica
  1207 | D        | Identified Igovonnosa's Incunabulum of Arcane Weapons and
                  | Weightlessness (Sif Muna gifted it to you in the Dungeon)
  1207 | D        | Received a gift from Sif Muna
  1207 | D        | Reached XP level 11. HP: 65/65 MP: 14/29
  1212 | D        | Killed Erolcha
  1218 | D        | Killed Crazy Yiuf
  1218 | D        | Reached skill level 15 in Spellcasting
  1225 | D        | Found a transporter.
  1444 | D        | Entered arena 12.
  1444 | D        | Noticed a reaper
  1458 | D        | Noticed a reaper
  1461 | D        | Killed a reaper
  1461 | D        | Reached skill level 1 in Ice Magic
  1464 | D        | Received a gift from Sif Muna
  1468 | D        | Found a transporter.
  1494 | D        | Killed a reaper
  1494 | D        | Reached skill level 10 in Conjurations
  1601 | D        | Entered arena 13.
  1602 | D        | Noticed a six-headed hydra
  1608 | D        | Found a transporter.
  1610 | D        | Killed a six-headed hydra
  1610 | D        | Reached ****** piety under Sif Muna
  1611 | D        | Identified Sif Muna's Reference Book on the Destructive
                  | Blaze (Sif Muna gifted it to you in the Dungeon)
  1611 | D        | Received a gift from Sif Muna
  1612 | D        | Reached skill level 10 in Fire Magic
  1631 | D        | Reached XP level 12. HP: 56/72 MP: 4/32
  1641 | D        | Got the amulet of Moral Flaws {rElec rC+ Regen+ Dex-2}
  1644 | D        | Got Sif Muna's Tome of Heat and Bewitchment
  1788 | D        | Reached XP level 13. HP: 78/78 MP: 33/33
  1798 | D        | Learned a level 8 spell: Ignition
  1799 | D        | Entered arena 14.
  1801 | D        | Noticed a nagaraja
  1803 | D        | Received a gift from Sif Muna
  1803 | D        | Reached skill level 5 in Translocations
  1808 | D        | Killed a nagaraja
  1810 | D        | Identified Sif Muna's Reference Book on Earthen Ignition
                  | (Sif Muna gifted it to you in the Dungeon)
  1810 | D        | Received a gift from Sif Muna
  1815 | D        | Found a transporter.
  1986 | D        | Entered arena 15.
  1988 | D        | Noticed a vampire knight
  1988 | D        | Noticed a vampire knight
  1989 | D        | Found a transporter.
  1991 | D        | Identified Leisuadd's Almanac of Summoning (Sif Muna gifted
                  | it to you in the Dungeon)
  1991 | D        | Received a gift from Sif Muna
  1993 | D        | Killed a vampire knight
  1996 | D        | Killed a vampire knight
  2017 | D        | Got Peam's Volume of Hexes
  2029 | D        | Got the +5 rapier of Dithmenos's Delight {vorpal, Int+6}
  2033 | D        | Got the ring "Saffuticez" {MR+ Dex+4}
  2147 | D        | Entered arena 16.
  2152 | D        | Noticed a death ooze
  2152 | D        | Noticed a death ooze
  2152 | D        | Noticed an azure jelly
  2152 | D        | Noticed an azure jelly
  2153 | D        | Found the amulet of the Air {Inacc +Fly rElec EV+5 RMsl}
  2153 | D        | Received a gift from Sif Muna
  2153 | D        | Killed an azure jelly
  2153 | D        | Reached skill level 5 in Evocations
  2153 | D        | Killed a death ooze
  2153 | D        | Killed an azure jelly
  2153 | D        | Killed a death ooze
  2153 | D        | Identified Sif Muna's Compendium of Aerial Malediction (Sif
                  | Muna gifted it to you in the Dungeon)
  2153 | D        | Received a gift from Sif Muna
  2155 | D        | Found a transporter.
  2165 | D        | Got the Collected Works on Translocation
  2171 | D        | Learned a level 4 spell: Iskenderun's Mystic Blast
  2177 | D        | Learned a level 5 spell: Iskenderun's Battlesphere
  2185 | D        | Learned a level 7 spell: Spellforged Servitor
  2225 | D        | Entered arena 17.
  2231 | D        | Identified Sif Muna's Compendium of Ghastly Confrontation
                  | (Sif Muna gifted it to you in the Dungeon)
  2231 | D        | Received a gift from Sif Muna
  2235 | D        | Found a transporter.
  2236 | D        | Received a gift from Sif Muna
  2267 | D        | Got the amulet "Dischiq" {Spirit rN+ Int+4 Dex+6}
  2269 | D        | Got the +7 hand axe "Cudaxkul" {elec, +Blink rPois MR+++
                  | Str-3}
  2274 | D        | Got the amulet "Acus" {Spirit MR+ Int-3 SInv}
  2313 | D        | Entered arena 18.
  2321 | D        | Received a gift from Sif Muna
  2321 | D        | Reached XP level 14. HP: 77/85 MP: 19/37
  2324 | D        | Found a transporter.
  2345 | D        | Got Sif Muna's Volume of Moulding
  2428 | D        | Entered arena 19.
  2433 | D        | Noticed a nagaraja
  2433 | D        | Noticed a nagaraja
  2434 | D        | Identified the +2 war axe of Doom {antimagic, Str+4 Int+6}
  2434 | D        | Noticed a nagaraja
  2435 | D        | Found the +10 tower shield of Ignorance {rN+ Int-4}
  2435 | D        | Identified Sif Muna's Disquisition on Creative
                  | Transmutation (Sif Muna gifted it to you in the Dungeon)
  2435 | D        | Received a gift from Sif Muna
  2435 | D        | Reached skill level 5 in Summonings
  2435 | D        | Reached skill level 15 in Fire Magic
  2435 | D        | Received a gift from Sif Muna
  2435 | D        | Killed a nagaraja
  2436 | D        | Killed a nagaraja
  2436 | D        | Killed a nagaraja
  2436 | D        | Received a gift from Sif Muna
  2441 | D        | Found a transporter.
  2498 | D        | Got the ring of Roadaopa {rF++ rN+ AC+4}
  2545 | D        | Entered arena 20.
  2554 | D        | Received a gift from Sif Muna
  2554 | D        | Identified Noatrin's Incunabulum of Flames and the
                  | Entourage (Sif Muna gifted it to you in the Dungeon)
  2554 | D        | Received a gift from Sif Muna
  2559 | D        | Received a gift from Sif Muna
  2572 | D        | Learned a level 9 spell: Fire Storm
  2572 | D        | Found a transporter.
  2672 | D        | Entered arena 21.
  2677 | D        | Noticed a shadow dragon
  2677 | D        | Noticed a shadow dragon
  2677 | D        | Noticed a ghoul
  2677 | D        | Noticed a Tzitzimitl
  2677 | D        | Noticed a shadow dragon
  2677 | D        | Noticed a shadow dragon
  2678 | D        | Received a gift from Sif Muna
  2678 | D        | Killed a Tzitzimitl
  2678 | D        | Reached XP level 15. HP: 90/90 MP: 40/41
  2679 | D        | Killed a ghoul
  2679 | D        | Killed a shadow dragon
  2679 | D        | Identified Sif Muna's Handbook of Unholy Earth (Sif Muna
                  | gifted it to you in the Dungeon)
  2679 | D        | Received a gift from Sif Muna
  2679 | D        | Noticed a ghoul
  2680 | D        | Killed a shadow dragon
  2680 | D        | Killed a ghoul
  2680 | D        | Noticed a ghoul
  2681 | D        | Killed a shadow dragon
  2682 | D        | Killed a shadow dragon
  2682 | D        | Reached skill level 15 in Conjurations
  2685 | D        | Noticed a shadow dragon
  2688 | D        | Killed a ghoul
  2688 | D        | Received a gift from Sif Muna
  2699 | D        | Killed a shadow dragon
  2713 | D        | Found a transporter.
  2723 | D        | Got the Volume of Flying Arcane Weapons
  2757 | D        | Got the Almanac of Glacial Black Rites
  2844 | D        | Entered arena 22.
  2851 | D        | Found the +0 staff of Battle
  2851 | D        | Noticed Iwunuv the pandemonium lord
  2853 | D        | Identified Liegept's Incunabulum of the Freezing Entourage
                  | (Sif Muna gifted it to you in the Dungeon)
  2853 | D        | Received a gift from Sif Muna
  2854 | D        | Identified Sif Muna's Papyrus of the Blistering Rocks (Sif
                  | Muna gifted it to you in the Dungeon)
  2854 | D        | Received a gift from Sif Muna
  2857 | D        | Identified Sif Muna's Collected Works on Shape Shifting and
                  | Sinister Rites (Sif Muna gifted it to you in the Dungeon)
  2857 | D        | Received a gift from Sif Muna
  2891 | D        | Killed Iwunuv the pandemonium lord
  2891 | D        | Identified Sif Muna's Collected Works on Feathery Sinister
                  | Rituals (Sif Muna gifted it to you in the Dungeon)
  2891 | D        | Received a gift from Sif Muna
  2891 | D        | Reached skill level 5 in Ice Magic
  2903 | D        | Found a transporter.
  2928 | D        | Got the ring "Waniy" {rPois rF- MR+ Int+4}
  2965 | D        | Got Sif Muna's Tome of the Noxious Arsonist
  2970 | D        | Got Aggoss's Guide on Curses
  2973 | D        | Got the Grimoire of Lightness
  2984 | D        | Got Sif Muna's Tome of Shape Shifting and Confrontation
  3008 | D        | Entered arena 23.
  3013 | D        | Learned a level 1 spell: Pain
  3018 | D        | Noticed an azure jelly
  3018 | D        | Noticed an acid blob
  3018 | D        | Noticed an acid blob
  3018 | D        | Noticed an azure jelly
  3020 | D        | Identified Sif Muna's Incunabulum of Noxious Stones (Sif
                  | Muna gifted it to you in the Dungeon)
  3020 | D        | Received a gift from Sif Muna
  3020 | D        | Killed an acid blob
  3020 | D        | Identified Sif Muna's Guide on Glacial Curses (Sif Muna
                  | gifted it to you in the Dungeon)
  3020 | D        | Received a gift from Sif Muna
  3020 | D        | Killed an azure jelly
  3020 | D        | Reached XP level 16. HP: 97/97 MP: 35/45
  3020 | D        | Killed an acid blob
  3020 | D        | Killed an acid blob
  3020 | D        | Identified Sif Muna's Incunabulum of Displacement and Snow
                  | (Sif Muna gifted it to you in the Dungeon)
  3020 | D        | Received a gift from Sif Muna
  3020 | D        | Noticed an acid blob
  3020 | D        | Noticed an acid blob
  3021 | D        | Killed an acid blob
  3021 | D        | Killed an azure jelly
  3022 | D        | Killed an acid blob
  3022 | D        | Identified Sif Muna's Volume of the Glacier (Sif Muna
                  | gifted it to you in the Dungeon)
  3022 | D        | Received a gift from Sif Muna
  3024 | D        | Found a transporter.
  3038 | D        | Learned a level 7 spell: Orb of Destruction
  3188 | D        | Entered arena 24.
  3196 | D        | Noticed a shadow dragon
  3196 | D        | Noticed a golden dragon
  3197 | D        | Noticed a quicksilver dragon
  3197 | D        | Noticed a shadow dragon
  3197 | D        | Noticed a shadow dragon
  3197 | D        | Noticed a shadow dragon
  3197 | D        | Noticed a shadow dragon
  3197 | D        | Noticed a golden dragon
  3198 | D        | Found the +9 staff of Wucad Mu {channel}
  3198 | D        | Killed a quicksilver dragon
  3198 | D        | Reached skill level 27 in Spellcasting
  3198 | D        | Killed a shadow dragon
  3198 | D        | Killed a shadow dragon
  3198 | D        | Reached skill level 10 in Translocations
  3198 | D        | Killed a shadow dragon
  3198 | D        | Noticed a golden dragon
  3200 | D        | Killed a golden dragon
  3200 | D        | Reached skill level 10 in Ice Magic
  3200 | D        | Killed a shadow dragon
  3200 | D        | Noticed a shadow dragon
  3201 | D        | Killed a shadow dragon
  3201 | D        | Killed a golden dragon
  3202 | D        | Noticed a shadow dragon
  3208 | D        | Killed a golden dragon
  3208 | D        | Reached XP level 17. HP: 81/101 MP: 6/48
  3208 | D        | Reached skill level 10 in Shields
  3222 | D        | Found a transporter.
  3246 | D        | Got Faarip's Easy Witchery
  3266 | D        | Got the ring "Doerred" {rC+ rN+ Str+4}
  3371 | D        | Entered arena 25.
  3380 | D        | Noticed a titan
  3380 | D        | Noticed a shard shrike
  3380 | D        | Noticed a titan
  3380 | D        | Noticed a shard shrike
  3380 | D        | a titan changed into a shard shrike
  3382 | D        | Noticed a caustic shrike
  3383 | D        | Killed a shard shrike
  3383 | D        | Noticed a caustic shrike
  3383 | D        | a glowing shapeshifter changed into a caustic shrike
  3383 | D        | Noticed a shard shrike
  3383 | D        | Noticed a juggernaut
  3384 | D        | Noticed a shard shrike
  3384 | D        | a titan changed into a shard shrike
  3384 | D        | Noticed a shard shrike
  3384 | D        | Gained mutation: You tend to lose your temper in combat. [a
                  | shining eye]
  3385 | D        | Killed a shard shrike
  3385 | D        | Killed a shard shrike
  3385 | D        | Noticed a shard shrike
  3386 | D        | Killed a shard shrike
  3386 | D        | Noticed a titan
  3386 | D        | a shard shrike changed into a titan
  3387 | D        | Killed a caustic shrike
  3387 | D        | Noticed a juggernaut
  3387 | D        | a titan changed into a juggernaut
  3387 | D        | Noticed a titan
  3387 | D        | a shard shrike changed into a titan
  3387 | D        | a caustic shrike changed into an iron dragon
  3389 | D        | Noticed an iron giant
  3389 | D        | an iron dragon changed into an iron giant
  3390 | D        | Killed a juggernaut
  3393 | D        | Killed a titan
  3393 | D        | Noticed an acid blob
  3394 | D        | Killed a juggernaut
  3394 | D        | Killed an acid blob
  3394 | D        | Reached XP level 18. HP: 107/107 MP: 14/49
  3398 | D        | Noticed a caustic shrike
  3398 | D        | an iron giant changed into a caustic shrike
  3400 | D        | a caustic shrike changed into an acid blob
  3406 | D        | Noticed a shard shrike
  3410 | D        | Noticed a titan
  3410 | D        | a shard shrike changed into a titan
  3416 | D        | Noticed a shard shrike
  3416 | D        | a titan changed into a shard shrike
  3417 | D        | Noticed a juggernaut
  3417 | D        | a shard shrike changed into a juggernaut
  3423 | D        | Noticed a titan
  3423 | D        | a juggernaut changed into a titan
  3425 | D        | Killed a titan
  3646 | D        | Found a transporter.
  3677 | D        | Got the ring of Oppuruor {MR+ Stlth-}
  3684 | D        | Got the amulet "Pozoqit" {Reflect rElec Str+2 Slay-6 SH+5
                  | Stlth+}
  3712 | D        | Got the ring "Mivofits" {rF+ rC+ rN+ MP-9}
  3758 | D        | Entered arena 26.
  3771 | D        | Found the +2 shield of Resistance {rF++ rC++ MR++}
  3772 | D        | Reached skill level 10 in Summonings
  3776 | D        | Reached skill level 15 in Ice Magic
  3976 | D        | Found a transporter.
  3999 | D        | Acquired the ring "Rampanun" {rCorr Str+5 Slay+2}
  4100 | D        | Learned a level 9 spell: Absolute Zero
  4102 | D        | Entered arena 27.
  4118 | D        | Reached skill level 10 in Stealth
  4343 | D        | Found a transporter.
  4351 | D        | Got the ring "Zedwiod" {Str+6 SInv}
  4438 | D        | Entered arena 28.
  4461 | D        | Noticed a deep elf master archer
  4461 | D        | Noticed a deep elf blademaster
  4461 | D        | Noticed a deep elf blademaster
  4473 | D        | Noticed a deep elf blademaster
  4474 | D        | Killed a deep elf blademaster
  4474 | D        | Reached skill level 27 in Conjurations
  4478 | D        | Noticed a deep elf blademaster
  4479 | D        | Killed a deep elf blademaster
  4480 | D        | Noticed a deep elf blademaster
  4482 | D        | Killed a deep elf blademaster
  4482 | D        | Noticed a deep elf blademaster
  4483 | D        | Killed a deep elf blademaster
  4483 | D        | Reached skill level 15 in Shields
  4483 | D        | Killed a deep elf blademaster
  4484 | D        | Noticed a deep elf blademaster
  4485 | D        | Killed a deep elf master archer
  4485 | D        | Reached skill level 10 in Invocations
  4485 | D        | Killed a deep elf blademaster
  4485 | D        | Killed a deep elf blademaster
  4485 | D        | Reached skill level 15 in Stealth
  4485 | D        | Killed a deep elf master archer
  4485 | D        | Killed a deep elf blademaster
  4489 | D        | Identified the +9 war axe "Beetle's Death" {distort, Int+7}
  4491 | D        | Killed a deep elf blademaster
  4491 | D        | Reached XP level 19. HP: 73/111 MP: 4/50
  4497 | D        | Identified the cursed +1 dagger "Tyrhi" {vorpal, rN+ Int+6
                  | Dex-3}
  4501 | D        | Identified the +5 scale mail of the Orb {Harm Str+2 Int-3
                  | Dex+3}
  4504 | D        | Reached skill level 15 in Translocations
  4509 | D        | Reached skill level 10 in Dodging
  4710 | D        | Found a transporter.
  4785 | D        | Got the Catalogue of Glacial Transmutation
  4802 | D        | Got the Orb of Zot
  5027 | D        | Noticed a seraph
  5034 | D        | Noticed a Hell Sentinel
  5034 | D        | Killed a seraph
  5044 | D        | Killed a Hell Sentinel
  5056 | D        | Escaped with the Orb!

Illustrated notes

Levels and vault maps discovered:
D:        sprint_v [room_start, room_1, room_2, room_3, room_4, room_5, room_6,
          room_7, room_8, room_9, room_10, room_11, room_12, room_13, room_14,
          room_15, room_16, room_17, room_18, room_19, room_20, room_21,
          room_22, room_23, room_24, room_25, room_26, room_27]

Skill      XL: |  1  2  3  4  5  6  7  8  9 10 11 12 13 14 15 16 17 18 19 |
---------------+----------------------------------------------------------+-----
Stealth        | 3 4 5 6 16 21 | 21.2
Spellcasting   | 5 8 10 11 12 13 14 16 19 22 25 27 | 27.0
Conjurations   | 2 3 4 5 6 7 9 10 11 13 16 21 25 27 | 27.0
Dodging        | 3 4 5 6 7 8 9 10 | 10.6
Fire Magic     | 2 4 5 7 10 11 14 17 22 25 26 | 26.8
Air Magic      | 2 3 4 |  4.6
Poison Magic   | 2 4 5 |  5.6
Evocations     | 1 2 4 5 |  5.4
Invocations    | 2 4 6 7 10 14 | 14.7
Polearms       | 1 3 5 6 7 8 9 |  9.5
Fighting       | 1 2 3 4 |  4.4
Maces & Flails | 1 3 4 |  4.4
Shields        | 2 5 6 7 8 9 10 16 19 | 19.4
Translocations | 2 3 4 7 8 12 14 15 | 15.2
Summonings     | 2 3 4 7 9 11 | 11.3
Ice Magic      | 2 3 6 12 14 17 20 | 20.3

Action                   |  1- 3 |  4- 6 |  7- 9 | 10-12 | 13-15 | 16-18 | 19-21 || total
-------------------------+-------+-------+-------+-------+-------+-------+-------++-------
Melee: Lance             |     2 |     1 |    27 |    38 |     7 |       |       ||    75
       Great mace        |       |       |     5 |       |       |       |       ||     5
       Tentacles         |       |       |     6 |    10 |       |       |       ||    16
       Constrict         |       |       |     4 |     3 |       |       |       ||     7
 Cast: Mephitic Cloud    |     2 |       |     2 |     3 |       |       |       ||     7
       Magic Dart        |       |       |     9 |    11 |     8 |     9 |       ||    37
       Blink             |       |       |     3 |     5 |     2 |     1 |       ||    11
       Call Imp          |       |       |     3 |       |       |       |       ||     3
       Fireball          |       |       |     5 |    23 |    17 |     2 |       ||    47
       Summon Forest     |       |       |     1 |     4 |     1 |       |       ||     6
       Hailstorm         |       |       |       |     2 |     5 |     2 |       ||     9
       Ozocubu's Armour  |       |       |       |     2 |     2 |     1 |       ||     5
       Dispersal         |       |       |       |     1 |     3 |       |       ||     4
       Ignition          |       |       |       |       |    15 |    10 |       ||    25
       Spellforged Servi |       |       |       |       |     7 |     6 |       ||    13
       Iskenderun's Batt |       |       |       |       |     6 |     5 |       ||    11
       Iskenderun's Myst |       |       |       |       |     4 |     4 |       ||     8
       Fire Storm        |       |       |       |       |     2 |    23 |    22 ||    47
       Orb of Destructio |       |       |       |       |       |     9 |     2 ||    11
Invok: Channel Magic     |       |       |       |     3 |     2 |     5 |     3 ||    13
       Divine Exegesis   |       |       |       |       |     2 |       |       ||     2
Evoke: Wand              |     4 |     2 |     4 |       |     1 |       |       ||    11
       Lightning rod     |       |       |     2 |       |       |       |       ||     2
       Condenser vane    |       |       |       |     1 |     2 |       |       ||     3
  Use: Potion            |     2 |       |     5 |     3 |     4 |     6 |     7 ||    27
       Scroll            |       |       |     1 |       |     5 |     2 |     1 ||     9
 Stab: Distracted        |       |       |     1 |       |       |       |       ||     1
       Confused          |       |       |       |     4 |       |       |       ||     4
Armor: Skin              |       |       |     2 |     3 |     2 |     2 |       ||     9
Dodge: Dodged            |       |       |    14 |     8 |    10 |     3 |       ||    35
Block: Other             |       |       |     1 |     3 |       |       |       ||     4
       Kite shield       |       |       |       |    13 |       |     6 |     3 ||    22
       Buckler           |       |       |       |       |    11 |       |       ||    11
       Reflection        |       |       |       |       |     1 |       |     3 ||     4

Table legend: (Time is in decaauts)
 A = Elapsed time spent in this place.
 B = Non-inter-level travel time spent in this place.
 C = Inter-level travel time spent in this place.
 D = Time resting spent in this place.
 E = Time spent auto-exploring this place.
 F = Levels seen in this place.
 G = Mean time per level.
                   A        B        C        D        E       F      G
               +--------+--------+--------+--------+--------+-----+--------+
         Total |   4882 |   4882 |      0 |   2563 |      0 |   1 | 4882.0 |
       Dungeon |   4882 |   4882 |      0 |   2563 |      0 |   1 | 4882.0 |
               +--------+--------+--------+--------+--------+-----+--------+

Top non-repeatable levels by time:
       D: 4882 daAuts
